 Dungeon Crawl Stone Soup version bcrawl-1.19.2-6-g6a88ae04c9 (webtiles) character file.

Game seed: 11118983687885702454

518 Mrkan the Archer (level 7, 0/52 HPs)
             Began as a Centaur Hunter on Dec 24, 2019.
             Was a Follower of Hepliaklqana.
             Killed by nerve-wracking pain
             ... invoked by an orc priest
              (14 damage)
             ... on level 4 of the Dungeon.
             The game lasted 00:07:46 (2958 turns).

Mrkan the Archer (Centaur Hunter)                   Turns: 2958, Time: 00:07:46

Health: 0/52       AC:  8    Str: 15    XL:     7   Next: 1%
Magic:  8/8        EV:  4    Int: 10    God:    Hepliaklqana [*.....]
Gold:   159        SH:  0    Dex: 11    Spells: 6/6 levels left

rFire    . . .     SeeInvis .   a - +2 shortbow
rCold    . . .     Gourm    .   (shield currently unavailable)
rNeg     . . .     Faith    .   k - +0 chain mail (curse)
rPois    .         Spirit   .   (no helmet)
rElec    .         Reflect  .   t - scarf {stasis}
rCorr    .         Harm     .   u - +0 pair of gloves
MR       .....                  (no barding)
Stlth    ..........             (no amulet)
HPRegen  0.17/turn              (no ring)
MPRegen  0.11/turn              (no ring)

@: very quick
A: large, reduced essence, hooves 3, deformed body, speed 2, tough skin 3
a: Recall Ancestor, Ancestor Identity, Renounce Religion


You were on level 4 of the Dungeon.
You worshipped Hepliaklqana.
Hepliaklqana was aware of your devotion.
You were not hungry.

You visited 1 branch of the dungeon, and saw 4 of its levels.

You collected 159 gold pieces.

Inventory:

Hand Weapons
 a - a +2 shortbow (weapon)
 b - a +0 short sword
Missiles
 d - 235 arrows (quivered)
Armour
 k - a cursed +0 chain mail (worn)
 t - a scarf of stasis (worn)
 u - a +0 pair of gloves (worn)
Jewellery
 c - a +2 ring of evasion {unknown}
 l - a +4 ring of strength {unknown}
Scrolls
 e - 5 scrolls of identify {unknown}
 i - 2 scrolls of teleportation {unknown}
 j - 3 scrolls of remove curse {unknown}
 n - 2 scrolls of magic mapping {unknown}
 p - 3 scrolls of enchant armour {unknown}
Potions
 g - a potion of curing {unknown}
 h - 3 potions of lignification {unknown}
 m - a potion of magic {unknown}
 o - a potion of heal wounds {unknown}
 q - a potion of brilliance {unknown}
 r - a potion of mutation {unknown}
 s - a potion of ambrosia {unknown}
 v - a potion of might {unknown}
Comestibles
 f - 3 rations {!d}
 w - 2 chunks of flesh


   Skills:
 + Level 3.9 Fighting
 * Level 8.3 Bows
 + Level 2.3 Armour
 - Level 1.3 Dodging
 - Level 0.5 Stealth
 + Level 2.4 Invocations


You had 6 spell levels left.
You didn't know any spells.
Your spell library was empty.

Dungeon Overview and Level Annotations

Branches:
Dungeon (4/12)
 Temple: D:4-7

Altars:
Ashenzari
Hepliaklqana
Okawaru
Ru
Xom


Innate Abilities, Weirdness & Mutations

You have hooves in place of feet.
Armour fits poorly on your strangely shaped body.
You cover ground very quickly.
You have extremely tough skin. (AC +3)
Your life essence is reduced to manifest your ancestor. (-10% HP)


Message History

You shoot an arrow. The arrow hits the orc priest.
You kill the orc priest!
You have reached level 7!
Henutmehyt remembers more of his old skill.
The orc priest invokes the aid of Beogh against you.
Pain shoots through your body!
* * * LOW HITPOINT WARNING * * *
Firing (i - inventory)
d - 237 arrows (quivered)
Press: ? - help, Shift-Dir - straight line, f - orc priest
Aim: an orc priest, wielding a -3 dagger and wearing a +0 leather armour You shoot an arrow.
The arrow hits the orc priest.
The orc priest is moderately wounded.
Firing (i - inventory)
d - 236 arrows (quivered)
Press: ? - help, Shift-Dir - straight line, f/p - orc priest
Aim: an orc priest, wielding a -3 dagger and wearing a +0 leather armour (moderately wounded)
You shoot an arrow. The arrow hits the orc priest!
The orc priest is severely wounded.
The orc priest mumbles some strange prayers to Beogh against you.
Pain shoots through your body!
You die...

....................
.######.###.........
..######.#
#####.#... #
#.......# #.#... .#.
#.####..# #.#... ..o
#.####..# #..... ..
#.#.....# #.....
##.#####.#.##.##
#.#...
#...).oo..@##.#
#.##..
#.######......#
########


You could see an orc priest and an orc wizard.

Vanquished Creatures
  Sigmund (D:3)
  A centaur (D:4)
  An orc priest (D:4)
  A bullfrog skeleton (D:4)
  An orc wizard (D:4)
  A worker ant (D:4)
  2 adders (D:3)
  7 gnolls (D:2)
  4 worms
  3 dart slugs
  5 leopard geckos
  3 orcs
  A ball python (D:3)
  2 giant cockroaches (D:2)
  6 goblins
  11 hobgoblins
  2 jackals (D:1)
  4 quokkas
  4 bats
  3 frilled lizards
  15 kobolds
  7 rats
85 creatures vanquished.

Vanquished Creatures (collateral kills)
  A ball python (D:2)
  A rat (D:2)
2 creatures vanquished.

Grand Total: 87 creatures vanquished

Notes
Turn   | Place    | Note
-------+----------+-------------------------------------------
     0 | D:1      | Mrkan the Centaur Hunter began the quest for the Orb.
     0 | D:1      | Reached XP level 1. HP: 17/17 MP: 1/1
   197 | D:1      | Reached XP level 2. HP: 24/24 MP: 2/2
   522 | D:1      | Reached skill level 6 in Bows
   531 | D:1      | Reached XP level 3. HP: 30/30 MP: 3/3
   773 | D:2      | Reached skill level 1 in Armour
   777 | D:2      | Reached XP level 4. HP: 37/37 MP: 4/4
  1019 | D:2      | Found a hazy altar of Hepliaklqana.
  1021 | D:2      | Became a worshipper of Hepliaklqana the Forgotten
  1153 | D:2      | Reached skill level 7 in Bows
  1204 | D:2      | Reached XP level 5. HP: 40/40 MP: 5/5
  1230 | D:2      | Found a shimmering altar of Xom.
  1586 | D:3      | Noticed Sigmund
  1600 | D:3      | Killed Sigmund
  1600 | D:3      | Reached skill level 1 in Invocations
  1600 | D:3      | Reached XP level 6. HP: 41/45 MP: 5/7
  2040 | D:3      | Reached * piety under Hepliaklqana
  2598 | D:3      | Found a shattered altar of Ashenzari.
  2598 | D:3      | Found a sacrificial altar of Ru.
  2718 | D:4      | Reached skill level 8 in Bows
  2879 | D:4      | Found an iron altar of Okawaru.
  2953 | D:4      | Reached XP level 7. HP: 27/52 MP: 8/8
  2958 | D:4      | Killed from afar by an orc priest

Skill      XL: |  1  2  3  4  5  6 |
---------------+-------------------+-----
Bows           | 6 7 8 |  8.3
Armour         | 1 2 |  2.3
Fighting       | 3 |  3.9
Invocations    | 1 2 |  2.4
Dodging        | |  1.3
Stealth        | |  0.5

Action                   |  1- 3 |  4- 6 |  7- 9 || total
-------------------------+-------+-------+-------++-------
 Fire: Shortbow          |   105 |   173 |     2 ||   280
Invok: Ancestor Identity |       |     1 |       ||     1
  Eat: Chunk             |       |     1 |       ||     1
       Ration            |       |     1 |       ||     1
Armor: Leather armour    |     3 |       |       ||     3
       Chain mail        |    10 |    29 |       ||    39
Dodge: Dodged            |     5 |    13 |       ||    18
